AoeStats
← tigremaster

MegaRandom

508072554Analyzed
3v3 RM · 12d ago on Sep 20, 2026· 40m 31s· 6 players
Game mode
Random Map
Map size
Normal (6 player)
Population
200
Speed
Normal
Resources
Standard
Victory
Conquest
Starting age
Dark Age
Ending age
Imperial Age
RankedLock teamsTeams togetherTeam positionsShared explorationLock speedFull tech treeHidden civsTurbo modeCheats
Victory
Defeat
🇬🇧 Magyars · United Kingdom
1334
+17
🇬🇧 Malians · United Kingdom
1238
+21
🇬🇧 Maya · United Kingdom
1193
+22
🇫🇷 Ethiopians · France
1475
-25
🇮🇪 Magyars · Ireland
1398
-22
🇦🇷 Vietnamese · Argentina
1162
-13
Dr Ambition
0:33 Loom
10:17 Feudal Age
10:47 Double-Bit Axe
11:27 Town Watch
12:19 Wheelbarrow
11:57 Horse Collar
18:45 Castle Age
18:22 Bloodlines
18:37 Scale Barding Armor
20:04 Chain Barding Armor
23:16 Husbandry
31:51 Heavy Plow
37:43 Imperial Age
37:11 Hand Cart
38:14 Cavalier
39:38 Plate Barding Armor
38:34 Capped Ram
thrash bandicoot
0:30 Loom
8:57 Feudal Age
10:01 Double-Bit Axe
11:11 Horse Collar
13:17 Fletching
16:17 Wheelbarrow
19:45 Castle Age
18:42 Gold Mining
19:12 Padded Archer Armor
20:49 Bow Saw
20:03 Crossbowman
20:41 Bodkin Arrow
21:37 Heavy Plow
23:33 Leather Archer Armor
23:29 Town Watch
24:59 Ballistics
26:01 Thumb Ring
31:03 Hand Cart
36:29 Eagle Warrior
37:09 Squires
36:59 Arson
37:18 Scale Mail Armor
37:28 Forging
41:00 Imperial Age
40:00 Iron Casting
39:41 Chain Mail Armor
TomD_B
7:15 Loom
9:08 Feudal Age
9:55 Double-Bit Axe
10:00 Loom
11:50 Horse Collar
18:02 Castle Age
18:48 Bloodlines
18:39 Gold Mining
20:23 Bow Saw
21:41 Husbandry
25:49 Wheelbarrow
25:42 Scale Barding Armor
27:03 Forging
28:47 Iron Casting
34:54 Imperial Age
35:43 Chain Barding Armor
35:15 Fletching
35:22 Heavy Camel Rider
39:12 Plate Barding Armor
40:04 Hand Cart
EweRwoRld
11:02 Feudal Age
9:18 Loom
11:04 Feudal Age
15:18 Castle Age
23:48 Corvinian Army
27:32 Horse Collar
27:42 Double-Bit Axe
30:49 Wheelbarrow
32:33 Caravan
34:51 Scale Barding Armor
Dedpool_Aoe
0:32 Loom
8:52 Feudal Age
13:22 Castle Age
12:01 Double-Bit Axe
20:42 Bow Saw
22:06 Wheelbarrow
23:05 Fletching
tigremaster
5:39 Loom
10:41 Feudal Age
20:31 Castle Age
18:42 Double-Bit Axe
18:57 Horse Collar
20:25 Scale Barding Armor
20:47 Gold Mining
21:56 Light Cavalry
23:16 Husbandry
Connection lost

Rejoining the realm…

Still unreachable

The connection could not be restored.

Session expired

The server has moved on; the page needs a fresh start.